 Dungeon Crawl Stone Soup version 0.22-a0-848-ge9e22a0 (webtiles) character file.

98 Kuinu the Firebug (level 4, 0/33 HPs)
             Began as a Draconian Fire Elementalist on July 26, 2018.
             Slain by Grinder (1 damage)
             ... while paralysed by Grinder
             ... on level 3 of the Dungeon.
             The game lasted 00:11:24 (2620 turns).

Kuinu the Firebug (Draconian Fire Elementalist)     Turns: 2620, Time: 00:11:25

Health: 0/33       AC:  6    Str: 10    XL:     4   Next: 43%
Magic:  4/8        EV:  2    Int: 16    God:
Gold:   209        SH:  0    Dex: 12    Spells: 2/8 levels left

rFire    . . .     SeeInvis .   m - +0 dagger
rCold    . . .     Gourm    .   (no shield)
rNeg     . . .     Faith    .   (armour unavailable)
rPois    .         Spirit   .   k - +1 hat
rElec    .         Reflect  .   (no cloak)
rCorr    .         Harm     .   (no gloves)
MR       .....                  (no boots)
Stlth    ++........             (no amulet)
HPRegen  0.11/turn              (no ring)
MPRegen  0.11/turn              (no ring)

@: paralysed
A: unfitting armour, cold-blooded, AC +5
a: no special abilities


You were on level 3 of the Dungeon.
You were very hungry.

You visited 1 branch of the dungeon, and saw 3 of its levels.

You collected 209 gold pieces.

Inventory:

Hand Weapons
 d - a +0 club
 e - a +0 dagger
 m - a +0 dagger (weapon)
 n - a +0 dagger of speed
Missiles
 l - 68 stones (quivered)
Armour
 k - a +1 hat (worn)
Scrolls
 c - 2 scrolls of teleportation {unknown}
 f - 4 scrolls of remove curse {unknown}
 h - 2 scrolls of identify {unknown}
 i - a scroll of noise {unknown}
 j - a scroll of random uselessness {unknown}
Potions
 a - a potion of curing {unknown}
 g - a potion of lignification {unknown}
Comestibles
 b - 6 rations


   Skills:
 - Level 1.7 Dodging
 + Level 2.4 Stealth
 * Level 2.8 Spellcasting
 * Level 2.3 Conjurations
 * Level 3.7 Fire Magic


You had 2 spell levels left.
You knew the following spells:

 Your Spells              Type           Power        Failure   Level  Hunger
a - Flame Tongue          Conj/Fire      ##...        5%          1    #......
b - Throw Flame           Conj/Fire      ##....       9%          2    ##.....
c - Conjure Flame         Conj/Fire      ##......     16%         3    ###....

Your spell library contained the following spells:

 Spells                   Type           Power        Failure   Level  Hunger
 Fireball                 Conj/Fire      ##........   83%         5    ######.
 Confuse                  Hex            #.......     50%         3    ###....
 Sticky Flame             Conj/Fire      ##......     47%         4    #####..
 Confusing Touch          Hex            #.....       19%         1    #......
 Metabolic Englaciation   Hex/Ice        #.........   99%         5    ######.
 Petrify                  Tmut/Erth      #.......     88%         4    #####..
 Inner Flame              Hex/Fire       #.......     26%         3    ###....
 Gell's Gravitas          Tloc           #.........   50%         3    ###....
 Yara's Violent Unravell  Hex/Tmut       #.........   99%         5    ######.


Dungeon Overview and Level Annotations

Branches:
Dungeon (3/15)

Altars:
Kikubaaqudgha
Okawaru

Annotations:
D:3 1 transporter, Grinder; TheNamelessOne's ghost, amateur TeCj


Innate Abilities, Weirdness & Mutations

Your plain brown scales are hard. (AC +5)
You cannot fit into any form of body armour.
You are cold-blooded and may be slowed by cold attacks.


Message History

Pain shoots through your body! Grinder gestures at you.
You suddenly lose the ability to move!
Grinder blinks!
You can move again.
Grinder gestures at you.
You suddenly lose the ability to move!
Grinder says, "You look like you could use a good racking."
Grinder gestures at you. Pain shoots through your body! Grinder hits you.
* * * LOW HITPOINT WARNING * * *
You writhe in agony.
* * * LOW HITPOINT WARNING * * *
Grinder hits you.
* * * LOW HITPOINT WARNING * * *
Grinder gestures at you.
You barely resist. Grinder hits you.
You die...

#..###?.# #.. <.#
##.####..#...#
#.###..#....##.###
#.#...##.......#..
#.#.##...........#
#...##.#.###.###
#..##....##
#..#..#.....#
###@......#####
#..5......##
######.......#
#...[....#...# #####
#.....#..#...# ##.[.#
#.....#!#########.....
#.....!...g........g..
#.....#.########<.....
####....(#.# #......


You could see Grinder.

Vanquished Creatures
  A gnoll (D:2)
  3 adders
  An ooze (D:2)
  A dart slug (D:1)
  2 leopard geckos (D:1)
  An orc (D:2)
  2 giant cockroaches
  9 goblins
  7 hobgoblins
  3 kobolds
  2 quokkas
  2 ball pythons (D:1)
  6 bats
  4 frilled lizards
  7 rats
51 creatures vanquished.

Vanquished Creatures (others)
  4 toadstools (D:1)
4 creatures vanquished.

Grand Total: 55 creatures vanquished

Notes
Turn   | Place    | Note
-------+----------+-------------------------------------------
     0 | D:1      | Kuinu the Draconian Fire Elementalist began the quest for the Orb.
     0 | D:1      | Reached XP level 1. HP: 14/14 MP: 3/3
   403 | D:1      | Reached XP level 2. HP: 20/20 MP: 3/5
   547 | D:1      | Learned a level 2 spell: Throw Flame
  1216 | D:2      | Found a faded altar of an unknown god.
  1225 | D:2      | Reached XP level 3. HP: 22/26 MP: 1/6
  1563 | D:2      | Learned a level 3 spell: Conjure Flame
  1565 | D:2      | Found an ancient bone altar of Kikubaaqudgha.
  1681 | D:2      | Found an iron altar of Okawaru.
  2106 | D:2      | Reached XP level 4. HP: 33/33 MP: 6/8
  2501 | D:3      | Noticed Grinder
  2535 | D:3      | Found a transporter.
  2536 | D:3      | Noticed TheNamelessOne's ghost (amateur TeCj)
  2587 | D:3      | Paralysed by Grinder for 2 turns
  2609 | D:3      | Paralysed by Grinder for 3 turns
  2614 | D:3      | Paralysed by Grinder for 7 turns
  2618 | D:3      | HP: 1/33 [Grinder (5)]
  2620 | D:3      | Slain by Grinder

Vault maps used:
D:1:      ldierk_walled_garden_2
D:2:      kennysheep_six_static_rooms, kiku_gazebo_pond_becter, first_ration,
          chequers_ecumenical_altar_simple_redux, okawaru_altar_gauntlet_db
D:3:      minitemple, gammafunk_ghost_smash, uniq_grinder,
          uniq_crazy_yiuf_cottage

Skill      XL: |  1  2  3 |
---------------+----------+-----
Stealth        | 2 |  2.4
Conjurations   | 2 |  2.3
Dodging        | |  1.7
Spellcasting   | |  2.8
Fire Magic     | |  3.7

Action                   |  1- 3 |  4- 6 || total
-------------------------+-------+-------++-------
Melee: Unarmed           |    21 |       ||    21
       Tailslap          |     5 |     1 ||     6
       Dagger            |    24 |    15 ||    39
 Cast: Flame Tongue      |    44 |    28 ||    72
       Conjure Flame     |     1 |       ||     1
  Eat: Chunk             |     4 |     1 ||     5
Armor: Skin              |    16 |    18 ||    34
Dodge: Dodged            |    46 |    21 ||    67

Table legend:
 A = Spawn XP
 B = Non-spawn XP
 C = Spawn XP percentage of total XP
 D = Spawn monster count
 E = Non-spawn monster count
 F = Spawn count percentage of total count
 G = Total turns spent on level
                    A         B        C        D         E        F      G
               +---------+---------+-------+---------+---------+-------+---------
         Total |       0 |     140 |   0.0 |       0 |      51 |   0.0 |  2620
               +---------+---------+-------+---------+---------+-------+---------
           D:1 |       0 |      31 |   0.0 |       0 |      17 |   0.0 |  1180
           D:2 |       0 |      81 |   0.0 |       0 |      25 |   0.0 |  1313
           D:3 |       0 |      28 |   0.0 |       0 |       9 |   0.0 |   127
               +---------+---------+-------+---------+---------+-------+---------
